 Dungeon Crawl Stone Soup version 0.21-a0-92-g7bf63f6 (webtiles) character file.

2503 Ordine the Basher (level 9, -4/51 HPs)
             Began as a Gargoyle Fighter on July 1, 2017.
             Slain by a shadow (20 damage)
             ... on level 7 of the Dungeon.
             The game lasted 00:15:23 (5185 turns).

Ordine the Basher (Gargoyle Fighter)                Turns: 5185, Time: 00:15:24

Health: -4/51      AC: 20    Str: 20    XL:     9   Next: 53%
Magic:  0/9        EV:  6    Int: 13    God:
Gold:   104        SH: 12    Dex: 12    Spells: 8/8 levels left

rFire    . . .     SeeInvis .   a - +0 flail
rCold    . . .     Gourm    .   c - +1 shield
rNeg     + + .     Faith    .   z - +2 chain mail "Huilen" {rN+ Regen+ Int+4}
rPois    ∞         Spirit   +   u - +0 helmet
rElec    +         Reflect  .   o - +0 cloak
rCorr    .         Harm     .   (no gloves)
MR       .....                  n - +0 pair of boots (curse)
Stlth    ..........             b - amulet of guardian spirit
HPRegen  0.57/turn              (no ring)
MPRegen  0.11/turn              (no ring)

@: no status effects
A: negative energy resistance 1, electricity resistance, unbreathing,
petrification resistance, rot immunity, AC +5
a: no special abilities


You were on level 7 of the Dungeon.
You were near starving.

You visited 1 branch of the dungeon, and saw 7 of its levels.

You collected 403 gold pieces.
You spent 299 gold pieces at shops.

Inventory:

Hand Weapons
 a - a +0 flail (weapon)
 p - the +7 Singing Sword
   (You found it on level 4 of the Dungeon)
Armour
 c - a +1 shield (worn)
 n - a cursed +0 pair of boots (worn)
 o - a +0 cloak (worn)
 u - a +0 helmet (worn)
 z - the +2 chain mail "Huilen" (worn) {rN+ Regen+ Int+4}
   (You bought it in a shop on level 5 of the Dungeon)

   It affects your intelligence (+4).
   It protects you from negative energy.
   It increases your rate of regeneration.
 C - the +0 chain mail of Tulips {rPois rC- Dex+6, unknown}
   (You found it on level 7 of the Dungeon)

   It affects your dexterity (+6).
   It makes you vulnerable to cold.
   It protects you from poison.
Jewellery
 b - an amulet of guardian spirit (around neck)
 g - an uncursed amulet of harm
 x - an uncursed amulet of rage
Wands
 q - a wand of paralysis (22/24)
Scrolls
 d - a scroll of enchant weapon
 i - 4 scrolls of remove curse
 j - a scroll of identify
 t - 2 scrolls of enchant armour
 w - a scroll of recharging
 y - 2 scrolls of teleportation
Potions
 e - 2 potions of ambrosia
 k - 2 potions of brilliance
 l - 2 potions of curing
 r - a potion of mutation
 v - a potion of flight
Books
 A - a book of Frost

   Spells                             Type                      Level
   a - Freeze                         Ice                          1
   b - Throw Frost                    Conjuration/Ice              2
   c - Ozocubu's Armour               Charms/Ice                   3
   d - Throw Icicle                   Conjuration/Ice              4
   e - Summon Ice Beast               Ice/Summoning                4
Comestibles
 f - 3 bread rations
 h - a fruit
 m - 2 royal jellies
 B - a meat ration


   Skills:
 - Level 3.2 Fighting
 * Level 10.6 Maces & Flails
 - Level 3.2 Armour
 + Level 8.4 Shields


You had 8 spell levels left.
You didn't know any spells.

Dungeon Overview and Level Annotations

Branches:
Dungeon (7/15)
 Temple: D:4-7

Altars:
Hepliaklqana
Kikubaaqudgha
Ru
Vehumet
Wu Jian
Yredelemnul

Shops:
D:5 %}[?[


Innate Abilities, Weirdness & Mutations

You are resistant to torment.
Your stone body is resilient. (AC +5)
You are immune to poison.
You resist negative energy. (rN+)
You are resistant to electric shocks. (rElec)
You can survive without breathing.
You are immune to petrification.
You are immune to rotting.


Message History

The shadow flickers and vanishes!
Deactivating autopickup; reactivate with Ctrl-A.
You closely miss something.
The shadow strikes at you from the darkness!
* * * LOW HITPOINT WARNING * * *
Reactivating autopickup.
Unknown command.
Unknown command.
You feel better. You block the shadow's attack.
You hit the shadow.
The shadow is almost destroyed.
The shadow hits you.
* * * LOW HITPOINT WARNING * * *
You hit the shadow.
The shadow is almost destroyed.
The shadow slips into darkness.
The shadow flickers and vanishes!
Deactivating autopickup; reactivate with Ctrl-A.
The shadow strikes at you from the darkness!
You die...

#.##(#.#.##.....#..#
..#.#.#.##.....##.##
#.##.#.##.......#..#
#..#.#.##.......##.#
#..##.##.........#.#
....#.##.........#.#
#.#.#'#+#########'§#
#.#...........H....#
##########.#.@#.#.###.#.Z####
#......>................##
####.......#################
.....##.#### ......#.#
....#<#.# ###...#.# ##)##.#
....#


There were no monsters in sight!

Vanquished Creatures
  Pikel (D:6)
  Joseph (D:7)
  The ghost of Ordine the Basher, a novice GrFi (D:6)
  Grinder (D:3)
  A human (D:2)
  Menkaure (D:6)
  A slave (D:6)
  2 ogres
  A phantom (D:6)
  A bullfrog (D:6)
  2 scorpions
  A howler monkey (D:7)
  A crimson imp (D:7)
  5 hounds
  Crazy Yiuf (D:2)
  Ijyb (D:3)
  3 worker ants
  A hound skeleton (D:4)
  A howler monkey skeleton (D:6)
  6 adders
  5 oozes
  3 adder skeletons
  An adder zombie (D:6)
  2 worms (D:3)
  3 dart slugs
  A leopard gecko (D:1)
  2 giant cockroaches (D:1)
  16 goblins
  10 hobgoblins
  4 jackals (D:6)
  9 kobolds
  A quokka (D:3)
  2 ball pythons
  2 bats
  7 frilled lizards
  7 rats
108 creatures vanquished.

Vanquished Creatures (others)
  A hound (D:6)
  A worker ant (D:6)
  An orc (D:3)
  A quokka zombie (D:6)
4 creatures vanquished.

Grand Total: 112 creatures vanquished

Notes
Turn   | Place    | Note
-------+----------+-------------------------------------------
     0 | D:1      | Ordine the Gargoyle Fighter began the quest for the Orb.
     0 | D:1      | Reached XP level 1. HP: 14/14 MP: 1/1
   316 | D:1      | Reached XP level 2. HP: 19/19 MP: 2/2
   449 | D:1      | Reached skill level 3 in Maces & Flails
   492 | D:1      | Reached XP level 3. HP: 21/23 MP: 3/3
  1278 | D:2      | Reached XP level 4. HP: 28/28 MP: 4/4
  1516 | D:2      | Noticed a human
  1518 | D:2      | Found a runed door.
  1523 | D:2      | Found a basalt altar of Yredelemnul.
  1668 | D:2      | Found a runed door.
  1865 | D:2      | Noticed Crazy Yiuf
  1869 | D:2      | Killed Crazy Yiuf
  1869 | D:2      | Reached skill level 4 in Maces & Flails
  1955 | D:2      | Killed a human
  1955 | D:2      | Reached skill level 5 in Maces & Flails
  1955 | D:2      | Reached XP level 5. HP: 20/32 MP: 5/5
  1955 | D:2      | Reached XP level 6. HP: 23/37 MP: 6/6
  1988 | D:3      | Noticed Grinder
  2029 | D:3      | Killed Grinder
  2029 | D:3      | Reached skill level 6 in Maces & Flails
  2029 | D:3      | Reached skill level 5 in Shields
  2029 | D:3      | Reached XP level 7. HP: 21/41 MP: 7/7
  2286 | D:3      | Found a radiant altar of Vehumet.
  2360 | D:3      | Noticed Ijyb
  2373 | D:3      | Paralysed by Ijyb for 4 turns
  2379 | D:3      | Killed Ijyb
  2454 | D:3      | Found an ancient bone altar of Kikubaaqudgha.
  2742 | D:4      | Found a hazy altar of Hepliaklqana.
  3006 | D:4      | Found a sacrificial altar of Ru.
  3011 | D:4      | Reached skill level 7 in Maces & Flails
  3466 | D:5      | Entered Level 5 of the Dungeon
  3570 | D:5      | Found Xeammaz's Gadget Boutique.
  3646 | D:5      | Found Wugg's Antique Armour Shop.
  3655 | D:5      | Bought a polished chain mail for 209 gold pieces
  3665 | D:5      | Identified the +2 chain mail "Huilen" {rN+ Regen+ Int+4} (You bought it in a shop on level 5 of the Dungeon)
  3750 | D:5      | Found Taevi's Armour Shoppe.
  3787 | D:5      | Found Vaaz's Magic Scroll Shoppe.
  3791 | D:5      | Bought a scroll of enchant weapon for 90 gold pieces
  4171 | D:5      | Found Houskiuz's Food Boutique.
  4212 | D:6      | Reached XP level 8. HP: 44/46 MP: 6/8
  4288 | D:6      | Noticed Ordine's ghost (novice GrFi)
  4315 | D:6      | Killed Ordine's ghost
  4315 | D:6      | Reached skill level 8 in Maces & Flails
  4361 | D:6      | Noticed Pikel
  4373 | D:6      | Killed Pikel
  4373 | D:6      | Reached skill level 9 in Maces & Flails
  4373 | D:6      | Reached XP level 9. HP: 47/51 MP: 7/9
  4506 | D:6      | Found an ornate altar of the Wu Jian Council.
  4572 | D:6      | Noticed Menkaure
  4583 | D:6      | Killed Menkaure
  4967 | D:7      | Got a warped chain mail
  5021 | D:7      | Noticed Joseph
  5021 | D:7      | Reached skill level 10 in Maces & Flails
  5056 | D:7      | Killed Joseph
  5185 | D:7      | Slain by a shadow

Vault maps used:
D:1:      dpeg_arrival_rhombi
D:2:      hangedman_decor_peaks_small, grunt_decor_fettered,
          dk_yredelemnul_ordeal, uniq_crazy_yiuf_cottage
D:3:      lemuel_round_altar, fiery_altar_vehumet, uniq_ijyb, uniq_grinder
D:4:      cheibrodos_greedy_goblins, lemuel_crystal_altar,
          nicolae_overflow_crystal_walls, first_bread
D:5:      serial_shops, kennysheep_mini, shop, nicolae_shop_stone,
          shop_fountains, shop, item_on_display_a
D:6:      overflow_temple_1_default, corexii_hall_statues_u, uniq_pikel,
          uniq_menkaure
D:7:      minmay_the_grid_triangle_9x9_rhombus_thin, temple_fountains,
          enter_bailey_3, uniq_joseph

Skill      XL: |  1  2  3  4  5  6  7  8  9 |
---------------+----------------------------+-----
Maces & Flails | 3 5 6 7 9 10 | 10.6
Shields        | 4 5 6 7 8 |  8.4
Fighting       | |  3.2
Armour         | |  3.2

Action                   |  1- 3 |  4- 6 |  7- 9 || total
-------------------------+-------+-------+-------++-------
Melee: Flail             |   131 |    72 |   409 ||   612
  Use: Scroll            |     4 |     1 |     8 ||    13
       Potion            |       |     5 |     4 ||     9
 Stab: Distracted        |       |     1 |       ||     1
  Eat: Chunk             |     1 |     3 |     9 ||    13
Armor: Scale mail        |    82 |    30 |    76 ||   188
       Chain mail        |       |       |   111 ||   111
Dodge: Dodged            |    44 |    16 |    71 ||   131
Block: Shield            |    72 |    31 |   215 ||   318
